Map: Eternal Empire LE

Players

navarre

  • Race: Protoss Protoss
  • League: Silver
  • Spawn Location: 1:00

A.I. 1 (Hard) - Winner!

  • Race: Terran Terran
  • Spawn Location: 7:00

VOD

Have the link to the VOD?

Description

Time

  • Played on: Sept. 8, 2020, 9:31 p.m.
  • Length: 4:58
Show
View Real Time Build Order
Export as new Build Order

navarre Protoss 

Build Orders: 1 Gate Expand 

Get SALT Encoding   

  6  0:00  Probe  
  13  0:13  Probe  
  14  0:18  Pylon  
  14  0:25  Probe (Chrono Boost)  
  15  0:37  Probe (Chrono Boost)  
  15  0:41  Gateway  
  16  0:45  Probe (Chrono Boost)  
  16  0:46  Assimilator  
  17  0:51  Probe  
  18  1:03  Probe  
  19  1:15  Probe  
  20  1:25  Nexus  
  20  1:36  Cybernetics Core  
  20  1:38  Probe  
  21  1:42  Assimilator  
  21  1:50  Probe  
  21  1:53  Pylon  
  22  2:02  Probe  
  23  2:09  Stalker (Chrono Boost)  
  23  2:14  Probe  
  26  2:16  Warp Gate  
  26  2:26  Probe  
  27  2:30  Robotics Facility  
  27  2:35  Stalker  
  29  2:38  Probe  
  29  2:39  Probe  
  31  2:50  Probe  
  31  2:51  Probe  
  33  2:57  Gateway  
  33  3:03  Gateway  
  34  3:05  Probe  
  34  3:06  Probe  
  35  3:17  Observer (Chrono Boost)  
  35  3:18  Probe  
  35  3:19  Probe  
  38  3:27  Pylon  
  38  3:30  Probe, Stalker  
  38  3:31  Probe  
  38  3:32  Observer (Chrono Boost)  
Show
View Real Time Build Order
Export as new Build Order

A.I. 1 (Hard) Terran - Winner!

Build Orders:  

Get SALT Encoding   

  6  0:00  SCV  
  13  0:13  SCV  
  14  0:18  Supply Depot  
  14  0:25  SCV  
  15  0:40  SCV  
  16  0:43  Barracks  
  16  0:49  Refinery  
  16  0:52  SCV  
  17  1:04  SCV  
  18  1:16  SCV  
  19  1:20  Supply Depot  
  19  1:29  SCV  
  19  1:32  Marine  
  21  1:40  Barracks  
  21  1:42  Orbital Command  
  21  1:48  Refinery  
  21  1:51  Barracks Tech Lab  
  21  2:06  Supply Depot  
  21  2:09  Marine  
  22  2:27  Marine x2  
  24  2:40  Supply Depot  
  24  2:45  Marine x2  
  26  2:52  SCV  
  27  3:02  Marine  
  27  3:03  Marine  
  27  3:05  SCV  
  30  3:08  Engineering Bay  
  30  3:17  SCV  
  31  3:20  Marine  
  31  3:21  Marine  
  31  3:24  Supply Depot  
  33  3:29  SCV  
  34  3:38  Marine  
  34  3:41  SCV  
  36  3:53  SCV  
  37  3:56  Marauder  
  39  4:18  Marauder  
Tags
 
Add a new tag
Caveats
  • Supply blocks, unpowered buildings, or Contaminate may cause inaccurate times.
  • Supply counts are checked every 10 seconds.